 Dungeon Crawl Stone Soup version 0.17-a0-2069-g0f4ee5b (webtiles) character file.

19 SlimeFever the Firebug (level 2, -2/19 HPs)
             Began as a Demonspawn Fire Elementalist on Oct 13, 2015.
             Slain by a kobold
             ... wielding a +0 club
              (5 damage)
             ... on level 1 of the Dungeon.
             The game lasted 00:03:11 (281 turns).

SlimeFever the Firebug (DsFE)                        Turns: 281, Time: 00:03:11

Health: -2/19      AC:  3    Str:  8    XL:     2   Next: 55%
Magic:  0/5        EV: 11    Int: 16    God:
Gold:   5          SH:  0    Dex: 13    Spells: 2 memorised, 2 levels left

rFire  . . .     SeeInvis .     e - +0 club
rCold  . . .     Clarity  .     g - +0 leather armour
rNeg   . . .     SustAt   .     (no shield)
rPois  .         Gourm    .     (no helmet)
rElec  .         Spirit   .     (no cloak)
rCorr  .         Warding  .     (no gloves)
rMut   .         Stasis   .     (no boots)
MR     .....                    (no amulet)
Stlth  ++........               (no ring)
                                (no ring)

@: very slightly contaminated, not resistant to hostile enchantments, unstealthy
A: demonic guardian 1
a: no special abilities


You were on level 1 of the Dungeon.
You were not hungry.

You visited 1 branch of the dungeon, and saw 1 of its levels.

You collected 5 gold pieces.

Inventory:

Hand Weapons
 e - a +0 club (weapon)
Missiles
 a - 19 poisoned bolts
 j - 25 arrows
Armour
 g - a +0 leather armour (worn)
Scrolls
 d - 2 scrolls of identify {unknown}
 h - a scroll of remove curse {unknown}
 i - a scroll of fear {unknown}
Potions
 f - a potion of heal wounds {unknown}
Books
 b - a book of Flames

   Spells                             Type                      Level
   a - Flame Tongue                   Conjuration/Fire             1
   b - Throw Flame                    Conjuration/Fire             2
   c - Conjure Flame                  Conjuration/Fire             3
   d - Inner Flame                    Hexes/Fire                   3
   e - Sticky Flame                   Conjuration/Fire             4
   f - Fireball                       Conjuration/Fire             5
Comestibles
 c - 2 bread rations


   Skills:
 + Level 0.2 Fighting
 + Level 1.9 Dodging
 + Level 1.8 Stealth
 + Level 2.2 Spellcasting
 + Level 1.0 Conjurations
 + Level 3.1 Fire Magic


You had 2 spell levels left.
You knew the following spells:

 Your Spells              Type           Power        Failure   Level  Hunger
a - Flame Tongue          Conj/Fire      #....        14%         1    #......
b - Throw Flame           Conj/Fire      #.....       21%         2    ###....


Dungeon Overview and Level Annotations

Branches:
Dungeon (1/15)

Altars:


Innate Abilities, Weirdness & Mutations

A weak demonic guardian rushes to your aid.


Message History

Casting: Throw Flame
Confirm with . or Enter, or press ? or * to list all spells.
Aiming: Flame Tongue
Press: ? - help, Shift-Dir - straight line, f - kobold
Aim: a kobold, wielding a club You miscast Flame Tongue.
You are very lightly contaminated with residual magic.
You smell smoke.
Casting: Flame Tongue
Confirm with . or Enter, or press ? or * to list all spells.
Aiming: Flame Tongue
Press: ? - help, Shift-Dir - straight line, f/p - kobold
Aim: a kobold, wielding a club The flame tongue misses the kobold.
You closely miss the kobold. The kobold hits you with a club.
* * * LOW HITPOINT WARNING * * *
You hit the kobold.
The kobold is heavily wounded.
The kobold hits you with a club.
You die...

#........###### #.#####
#.............. #......
#!..........# #......
#...........# #......
..†.........# #######......
...!####....#####.........###
. #..................#
####K..............###
#.@................
#...........†....†.
#######............
#............ #........####
#............ #............
#######.†.... #......


You could see a kobold.

Vanquished Creatures
  An ooze (D:1)
  2 giant geckos (D:1)
  4 goblins (D:1)
  A hobgoblin (D:1)
  2 kobolds (D:1)
  3 giant newts (D:1)
  2 rats (D:1)
15 creatures vanquished.

Notes
Turn   | Place    | Note
--------------------------------------------------------------
     0 | D:1      | SlimeFever the Demonspawn Fire Elementalist began the quest for the Orb.
     0 | D:1      | Reached XP level 1. HP: 13/13 MP: 3/3
   102 | D:1      | Reached skill level 3 in Fire Magic
   102 | D:1      | Gained mutation: A weak demonic guardian rushes to your aid. [demonic ancestry]
   102 | D:1      | Reached XP level 2. HP: 2/19 MP: 3/5
   116 | D:1      | Learned a level 2 spell: Throw Flame
   281 | D:1      | Slain by a kobold

Vault maps used:
D:1:      dpeg_arrival_simpleton_c

Action                   || total
-------------------------++-------
Melee: Unarmed           ||    13
       Club              ||    22
 Cast: Flame Tongue      ||    10
       Throw Flame       ||     4
